Map: Magma Mines

Players

Kamemotor

  • Race: Protoss Protoss
  • League: Silver
  • Spawn Location: 3:00

TTootsuka

  • Race: Zerg Zerg
  • Spawn Location: 1:00

Exodus - Winner!

  • Race: Zerg Zerg
  • Spawn Location: 9:00

ProstateHunt - Winner!

  • Race: Protoss Protoss
  • Spawn Location: 11:00

VOD

Have the link to the VOD?

Description

Time

  • Played on: Feb. 8, 2017, 9:04 p.m.
  • Length: 7:35
Show
View Real Time Build Order
Export as new Build Order

Kamemotor Protoss 

Build Orders: Blink Stalkers 

Get SALT Encoding   

  12  0:01  Probe (Chrono Boost)  
  13  0:12  Probe (Chrono Boost)  
  14  0:22  Probe (Chrono Boost)  
  14  0:25  Pylon  
  15  0:44  Probe (Chrono Boost)  
  15  0:48  Gateway  
  16  0:54  Probe (Chrono Boost)  
  17  1:05  Probe (Chrono Boost)  
  17  1:08  Assimilator  
  18  1:14  Assimilator  
  18  1:15  Probe (Chrono Boost)  
  19  1:26  Probe (Chrono Boost)  
  20  1:35  Cybernetics Core  
  20  1:40  Probe (Chrono Boost)  
  21  1:50  Probe (Chrono Boost)  
  22  1:55  Pylon  
  22  1:57  Warp Gate  
  23  2:01  Probe (Chrono Boost)  
  23  2:14  Stalker  
  26  2:15  Probe (Chrono Boost)  
  26  2:27  Probe (Chrono Boost)  
  26  2:28  Twilight Council  
  27  2:36  Pylon  
  27  2:39  Probe (Chrono Boost)  
  28  2:49  Stalker  
  29  3:04  Gateway x2  
  29  3:08  Gateway  
  29  3:09  Pylon  
  29  3:28  Nexus  
  28  3:40  Blink  
  28  4:15  Stalker x4  
  36  4:21  Pylon  
  36  4:22  Probe (Chrono Boost)  
  37  4:28  Pylon  
  37  4:35  Probe (Chrono Boost)  
  38  4:45  Stalker x2  
  43  4:47  Probe (Chrono Boost)  
  43  4:57  Probe (Chrono Boost)  
  38  5:07  Robotics Facility  
  9  5:40  Stalker  
  11  5:45  Probe (Chrono Boost)  
  11  5:47  Probe (Chrono Boost)  
  13  5:56  Observer  
  15  5:58  Probe (Chrono Boost)  
  15  6:05  Stalker  
  17  6:27  Stalker x2  
  22  6:40  Probe (Chrono Boost)  
Show
View Real Time Build Order
Export as new Build Order

TTootsuka Zerg 

Build Orders: Pool First 

Get SALT Encoding   

  12  0:01  Drone  
  13  0:12  Overlord  
  13  0:18  Drone  
  14  0:31  Drone x2  
  16  0:36  Drone  
  17  0:46  Extractor  
  17  0:49  Spawning Pool  
  15  0:52  Drone  
  15  0:56  Drone  
  17  1:09  Drone  
  18  1:17  Drone  
  19  1:33  Drone  
  20  1:44  Overlord  
  20  1:47  Hatchery, Queen  
  21  1:55  Metabolic Boost  
  21  1:58  Zergling x2  
  22  2:02  Zergling x2  
  23  2:11  Zergling x2  
  24  2:22  Zergling x2  
  25  2:26  Queen  
  27  2:33  Zergling x2  
  28  2:43  Zergling x2  
  29  2:54  Drone  
  29  2:57  Overlord  
  29  2:58  Overlord x2  
  30  3:16  Drone x3  
  33  3:21  Drone  
  33  3:22  Drone  
  35  3:30  Lair  
  35  3:34  Zergling x2  
  35  3:35  Zergling x2  
  36  3:49  Zergling x8  
  40  3:56  Drone  
  41  4:03  Drone  
  41  4:04  Drone  
  43  4:11  Drone, Roach Warren  
  43  4:12  Drone x3  
  46  4:28  Extractor  
  46  4:31  Drone  
  46  4:32  Drone x2, Extractor  
  47  4:42  Drone x2  
  49  4:50  Overlord x2  
  49  4:51  Overlord x2  
  49  5:04  Overseer  
  44  5:24  Drone x5  
  48  5:33  Drone x3  
  49  5:44  Drone x3  
  52  6:04  Extractor  
  52  6:06  Spore Crawler  
  52  6:09  Roach x2  
  52  6:10  Roach x3  
  52  6:11  Queen  
  64  6:18  Roach  
  64  6:32  Roach x5  
  74  6:43  Zergling x4  
  75  6:49  Roach  
  68  6:55  Roach  
  68  6:56  Roach x2  
  64  7:06  Roach  
  64  7:07  Roach  
Show
View Real Time Build Order
Export as new Build Order

Exodus Zerg - Winner!

Build Orders: Hatch First 

Get SALT Encoding   

  12  0:01  Drone  
  13  0:10  Drone  
  14  0:16  Drone, Extractor  
  15  0:26  Overlord  
  15  0:49  Hatchery  
  14  0:51  Drone  
  15  0:59  Drone x2  
  17  1:07  Overlord  
  17  1:16  Drone  
  18  1:25  Spawning Pool  
  17  1:27  Extractor  
  16  1:42  Drone x2  
  18  1:53  Drone  
  19  1:56  Overlord  
  19  2:01  Drone  
  20  2:12  Queen  
  20  2:13  Queen  
  20  2:15  Zergling x2  
  25  2:24  Drone  
  25  2:26  Drone x2  
  28  2:32  Spine Crawler  
  27  2:40  Drone  
  27  2:44  Zergling x2  
  29  2:46  Zergling x2, Spine Crawler  
  29  2:54  Drone  
  30  3:05  Metabolic Boost  
  30  3:11  Extractor  
  29  3:15  Roach Warren  
  27  3:24  Drone, Zergling x4  
  27  3:25  Drone x3  
  33  3:29  Drone x2  
  34  3:54  Drone x2, Zergling x4  
  34  3:55  Zergling x2  
  39  3:56  Zergling x6  
  39  3:57  Zergling x2  
  39  4:02  Spine Crawler  
  42  4:08  Lair  
  42  4:12  Drone, Spine Crawler  
  42  4:21  Drone  
  43  4:27  Overlord x2  
  43  4:28  Overlord  
  43  4:37  Evolution Chamber  
  42  4:43  Overlord  
  42  4:44  Overlord  
  42  4:47  Roach  
  42  4:51  Roach  
  48  4:52  Roach  
  48  5:03  Zerg Ground Armor Level 1  
  48  5:07  Glial Reconstitution  
  48  5:11  Roach  
  48  5:12  Roach  
  52  5:14  Drone  
  52  5:18  Extractor  
  52  5:19  Drone  
  52  5:20  Drone  
  54  5:23  Drone  
  54  5:41  Roach x5  
  64  5:48  Roach x2  
  68  5:51  Drone  
  68  5:54  Overlord  
  69  6:09  Roach x3  
  75  6:13  Overlord  
  75  6:15  Overlord  
  75  6:16  Roach  
  77  6:39  Zergling x4  
  80  6:40  Zergling x6  
Show
View Real Time Build Order
Export as new Build Order

ProstateHunt Protoss - Winner!

Build Orders: Dark Templar Rush 

Get SALT Encoding   

  12  0:02  Probe (Chrono Boost)  
  13  0:13  Probe (Chrono Boost)  
  14  0:18  Pylon  
  14  0:23  Probe (Chrono Boost)  
  15  0:37  Probe (Chrono Boost)  
  15  0:38  Gateway  
  16  0:47  Probe (Chrono Boost)  
  17  0:51  Assimilator  
  17  0:54  Assimilator  
  17  0:58  Probe (Chrono Boost)  
  18  1:08  Probe (Chrono Boost)  
  19  1:20  Pylon  
  19  1:21  Gateway  
  19  1:25  Cybernetics Core  
  19  1:31  Pylon  
  19  1:35  Probe (Chrono Boost)  
  20  1:46  Probe (Chrono Boost)  
  21  1:47  Warp Gate  
  21  1:57  Probe (Chrono Boost)  
  22  2:13  Twilight Council  
  23  2:17  Probe (Chrono Boost), Adept x2  
  27  2:28  Pylon  
  27  2:32  Probe (Chrono Boost)  
  29  2:44  Probe (Chrono Boost)  
  29  3:00  Dark Shrine  
  29  3:01  Probe (Chrono Boost)  
  31  3:13  Probe (Chrono Boost)  
  31  3:15  Pylon  
  31  3:17  Nexus  
  29  3:55  Probe (Chrono Boost)  
  30  4:03  Stalker x2  
  30  4:07  Probe (Chrono Boost)  
  35  4:19  Probe (Chrono Boost)  
  35  4:23  Pylon  
  36  4:27  Dark Templar x2  
  36  4:28  Gateway  
  36  4:31  Gateway  
  40  4:47  Probe (Chrono Boost)  
  40  4:48  Probe (Chrono Boost)  
  42  5:01  Dark Templar  
  42  5:03  Stalker  
  42  5:06  Probe (Chrono Boost)  
  48  5:07  Probe (Chrono Boost)  
  42  5:29  Dark Templar  
  42  5:43  Probe (Chrono Boost)  
  42  5:45  Probe (Chrono Boost)  
  42  5:48  Assimilator  
  44  5:50  Stalker  
  44  5:52  Assimilator  
  46  5:58  Gateway  
  46  6:01  Stalker x3  
  46  6:04  Pylon  
  52  6:05  Pylon  
  52  6:07  Probe (Chrono Boost)  
  52  6:09  Probe (Chrono Boost)  
  54  6:18  Probe (Chrono Boost)  
  55  6:21  Probe (Chrono Boost)  
  56  6:39  Pylon  
  56  6:40  Stalker x4, Nexus, Pylon  
  60  7:18  Stalker x4  
Tags
 
Add a new tag
Caveats
  • Supply blocks, unpowered buildings, or Contaminate may cause inaccurate times.
  • Supply counts are checked every 10 seconds.